cohdb
Replays
Latest Replays
All Replays
Popular Replays
Top Player Replays
Match Explorer
How It Works
Community
CoH3 Stats
Reddit
Sign in to upload your games and track your stats! →
Sign in with Steam
Match 24282175
Unlisted
Match 24282175
Overview
Messages
Build Orders
End
Construct Infanterie Kompanie
Selects Mechanized Battlegroup
Grenadier Squad
Grenadier Squad
Construct Panzergrenadier Kompanie
Panzergrenadier Squad
Panzergrenadier Squad
Grenadier Squad
Panzergrenadier Squad
Construct Panzer Kompanie
Selects Raid Package
Selects 8 Rad Armored Car
Selects UNKNOWN (2160084)
Panther Heavy Tank
Medical Station
Selects Mobile Repair Stations
Selects Wespe Self-propelled Artillery
Panther Heavy Tank
MG 42 Bunker
MG 42 Bunker
Side Skirts
Panzer Officer Quarters
Panther Heavy Tank
Wespe Self-propelled Artillery
MG 42 Bunker
CreamAbdulJBarr
Sauzer88
SneaKerz
gb_gbg
0
0
Comments
sign in to comment!
No comments posted yet!